 Dungeon Crawl Stone Soup version 0.30.0-29-ga12c61a403 (webtiles) character file.

Game seed: 16950594839510632141

3355 qw the Blocker (level 10, -8/59 HPs)
             Began as a Gargoyle Fighter on June 5, 2023.
             Was a Follower of Okawaru.
             Killed from afar by an ice statue (25 damage)
             ... with a bolt of cold
             ... on level 8 of the Dungeon.
             The game lasted 00:03:33 (6469 turns).

qw the Blocker (Gargoyle Fighter)                   Turns: 6469, Time: 00:03:33

Health: -8/59      AC: 27    Str: 25    XL:     10   Next: 3%
Magic:  10/11      EV:  7    Int:  8    God:    Okawaru [*.....]
Gold:   430        SH: 18    Dex:  9    Spells: 9/9 levels left

rFire   . . .        Y - +1 war axe (flame)
rCold   . . .        k - +0 tower shield
rNeg    + + .        c - +0 plate armour
rPois   inf          g - +1 helmet
rElec   +            b - +0 cloak
rCorr   .            (no gloves)
SInv    .            (no boots)
Will    .....        p - amulet of faith Stlth
                     h - ring of positive energy
HPRegen 0.29/turn    (no ring)
MPRegen 0.12/turn

%: faith
@: about to teleport, heroic
A: sickness immunity, AC +7, negative energy resistance 1, electricity
resistance, torment resistance 1, petrification resistance, hooves 1, iridescent
scales 1
a: Renounce Religion, Heroism


You were on level 8 of the Dungeon.
You worshipped Okawaru.
Okawaru was aware of your devotion.
You visited 2 branches of the dungeon, and saw 9 of its levels.
You also visited: Sewer.

You collected 430 gold pieces.


Innate Abilities, Weirdness & Mutations

You are immune to sickness and miasma.
Your stone body is resilient. (AC +7)
You are immune to poison.
You resist negative energy. (rN+)
You are resistant to electric shocks. (rElec)
You are resistant to unholy torment.
You are immune to petrification.
You have large cloven feet.
You are partially covered in iridescent scales. (AC +2)


   Skills:
 - Level 5.0(10.0) Fighting
 + Level 7.1(12.1) Axes
 - Level 1.3(6.3) Throwing
 - Level 4.1(9.1) Armour
 - Level 1.0(6.0) Dodging
 - Level 11.7(16.7) Shields
 + Level 2.0 Invocations


You had 9 spell levels left.
You didn't know any spells.
Your spell library was empty.

Inventory:

Hand Weapons
 Y - a +1 war axe of flaming (weapon)
Missiles
 j - 7 boomerangs (quivered)
Armour
 b - a +0 cloak (worn)
 c - a +0 plate armour (worn)
 g - a +1 helmet (worn)
 k - a +0 tower shield (worn)
Jewellery
 h - a ring of positive energy (left hand)
 p - an amulet of faith (around neck)
Scrolls
 q - 5 scrolls of identify
Potions
 a - a potion of haste
 d - 2 potions of might
 e - 6 potions of curing
 f - 2 potions of cancellation
 i - 2 potions of heal wounds
 m - 2 potions of mutation
 n - 3 potions of lignification
 o - 2 potions of attraction
 r - a potion of magic

Dungeon Overview and Level Annotations

Branches:
Dungeon (8/15)             Temple (1/1) D:4           Sewer (visited)
   Lair: D:8-11

Altars:
Ashenzari
Cheibriados
Dithmenos
Elyvilon
Fedhas
Gozag
Hepliaklqana
Kikubaaqudgha
Makhleb
Okawaru
Qazlal
Ru
Sif Muna
Trog
Uskayaw
Vehumet
Wu Jian
Xom
Yredelemnul
Zin

Annotations:
D:3 1 runed translucent door, Crazy Yiuf


Message History

You hit the ice statue but do no damage.
You kick the ice statue, but do no damage.
The ice statue is moderately damaged.
You completely miss the ice beast. The ice statue gestures at you.
The freezing blast engulfs you but does no damage.
You block the ice beast's attack.
You hit the ice statue but do no damage.
You kick the ice statue.
The ice statue is moderately damaged.
You hit the ice beast but do no damage.
You are engulfed in freezing vapours.
The ice beast hits you but does no damage.
You slash the ice statue!
You melt the ice statue.
You kick the ice statue, but do no damage.
The ice statue is heavily damaged.
You slash the ice beast!
You melt the ice beast.
You hit the ice beast.
You melt the ice beast.
You are engulfed in freezing vapours.
The ice statue gestures at you. You block the shard of ice.
You block the ice beast's attack.
The ice beast hits you but does no damage.
6467 ||| READING scroll of teleportation.
As you read the scroll of teleportation, it crumbles to dust.
You feel strangely unstable.
You are engulfed in freezing vapours.
You block the ice beast's attack. x2
6468 ||| DRINKING 3 potions of heal wounds.
You feel much better.
You are engulfed in freezing vapours.
The ice statue gestures.
You block the ice beast's attack.
The ice beast hits you but does no damage.
You hit the ice statue but do no damage.
You kick the ice statue, but do no damage.
The ice statue is heavily damaged.
You slash the ice beast!
You melt the ice beast.
You hit the ice beast.
You melt the ice beast.
You slash the ice beast!
You melt the ice beast!
The ice statue gestures at you. The bolt of cold hits you!!
You die...

#.................##...........
#...........................
#...................####....
#.....#######.......# ....
#.....# ##......## ...
##....#### ##......# ..
#.......# ##.....### #.......#
##.Y00.## #.......# #..@0.##
#....#####).8YY## ##....###
##...## #.......# ##.##
#.......# ## #.......# ..
#.......####.#. ...###
#.............. ....).
#..............# ......


You could see an ice statue and 3 ice beasts.

Vanquished Creatures
  A two-headed ogre (D:8)
  Prince Ribbit (D:7)
  A steam dragon (D:7)
  Edmund (D:5)
  An orc warrior (D:7)
  2 ice beasts
  An ogre (D:4)
  2 centaurs
  A phantom (D:5)
  A kobold brigand (D:8)
  3 bullfrogs
  3 scorpions
  7 wights
  6 killer bees
  A howler monkey (D:4)
  3 hounds
  2 orc priests
  3 sleepcaps
  3 iguanas
  5 orc wizards
  10 adders
  2 river rats (Sewer)
  2 white imps
  5 worms
  24 orcs
  3 ball pythons
  12 endoplasms
  3 giant cockroaches (D:1)
  6 hobgoblins
  3 jackals
  15 kobolds
  3 quokkas
  5 bats
  10 frilled lizards
  2 goblins
  16 rats
  A butterfly (D:4)
170 creatures vanquished.

Vanquished Creatures (others)
  A human (D:3)
1 creature vanquished.

Grand Total: 171 creatures vanquished

Notes
Turn   | Place    | Note
-------+----------+-------------------------------------------
     0 | D:1      | qw the Gargoyle Fighter began the quest for the Orb.
     0 | D:1      | Reached XP level 1. HP: 14/14 MP: 1/1
     0 | D:1      | 0 ||| qw: Version: 0.2-a-108-gee2c290
     0 | D:1      | 0 ||| qw: Game counter: 1362
     0 | D:1      | 0 ||| qw: Always use a shield: true
     0 | D:1      | 0 ||| qw: God list: Okawaru
     0 | D:1      | 0 ||| qw: Allow faded altars: false
     0 | D:1      | 0 ||| qw: Do Orc after D:15 true
     0 | D:1      | 0 ||| qw: Do second Lair branch before Depths: true
     0 | D:1      | 0 ||| qw: Lair rune preference: random
     0 | D:1      | 0 ||| qw: Plans: Normal, Zot:1-4, Slime:5, God:TSO, Crypt,
                  | Tomb, Abyss, Pan, Hells, Win
     0 | D:1      | 0 ||| PLANNING D:1-11
     9 | D:1      | 9 ||| Stepping ~*~*~tactically~*~*~ (stealth).
    10 | D:1      | 10 ||| Stepping ~*~*~tactically~*~*~ (stealth).
    62 | D:1      | Reached XP level 2. HP: 17/19 MP: 2/2
   215 | D:1      | 215 ||| Stepping ~*~*~tactically~*~*~ (stealth).
   495 | D:1      | Reached skill level 3 in Axes
   507 | D:1      | 507 ||| UPGRADING to +0 helmet.
   512 | D:1      | 512 ||| DROPPING +2 hat.
   518 | D:1      | 518 ||| READING scroll labelled VISAIRGH QULUBB.
   519 | D:1      | 519 ||| READING scroll labelled XEXKIE HUIN.
   528 | D:1      | 528 ||| READING scroll labelled PEMPIDDEDGH.
   557 | D:1      | 557 ||| READING scroll labelled JUDEXT YSYUBRU.
   558 | D:1      | 558 ||| DROPPING +0 club.
   567 | D:1      | 567 ||| DRINKING 2 fizzy blue potions.
   646 | D:2      | Reached XP level 3. HP: 23/23 MP: 3/3
   708 | D:2      | 708 ||| Stepping ~*~*~tactically~*~*~ (hiding).
   710 | D:2      | 710 ||| Stepping ~*~*~tactically~*~*~ (hiding).
   827 | D:2      | Found a faded altar of an unknown god.
   995 | D:2      | 995 ||| Stepping ~*~*~tactically~*~*~ (stealth).
  1014 | D:2      | Reached XP level 4. HP: 26/28 MP: 4/4
  1259 | D:2      | 1259 ||| Stepping ~*~*~tactically~*~*~ (stealth).
  1261 | D:2      | 1261 ||| Stepping ~*~*~tactically~*~*~ (stealth).
  1289 | D:2      | 1289 ||| READING scroll labelled UCZUEM POWURYI.
  1292 | D:2      | 1292 ||| FLEEEEING.
  1293 | D:2      | 1293 ||| FLEEEEING.
  1294 | D:2      | 1294 ||| FLEEEEING.
  1298 | D:2      | 1298 ||| FLEEEEING.
  1299 | D:2      | 1299 ||| FLEEEEING.
  1415 | D:2      | 1415 ||| DRINKING 2 glowing ruby potions.
  1837 | D:3      | Found an ancient bone altar of Kikubaaqudgha.
  1840 | D:3      | Noticed a human
  1841 | D:3      | Killed a human
  1909 | D:3      | 1909 ||| Stepping ~*~*~tactically~*~*~ (stealth).
  2294 | D:3      | Found a runed translucent door.
  2295 | D:3      | Noticed Crazy Yiuf
  2402 | D:3      | 2402 ||| UPGRADING to ring of positive energy.
  2403 | D:3      | 2403 ||| READING scroll labelled GECIGI DETZYAL.
  2404 | D:3      | 2404 ||| READING scroll labelled UBIN ASMUESESCH.
  2405 | D:3      | 2405 ||| READING scroll labelled WAPHIN FICEEMM.
  2438 | D:4      | Noticed a scorpion
  2441 | D:4      | Killed a scorpion
  2442 | D:4      | Reached XP level 5. HP: 29/32 MP: 5/5
  2481 | D:4      | Noticed an ogre
  2488 | D:4      | Killed an ogre
  2489 | D:4      | Reached XP level 6. HP: 39/39 MP: 6/6
  2512 | D:4      | Reached skill level 1 in Dodging
  2555 | D:4      | Found a hazy altar of Hepliaklqana.
  2566 | D:4      | Found a basalt altar of Yredelemnul.
  2740 | D:4      | 2740 ||| FLEEEEING.
  2742 | D:4      | 2742 ||| FLEEEEING.
  2743 | D:4      | 2743 ||| FLEEEEING.
  2744 | D:4      | 2744 ||| FLEEEEING.
  2745 | D:4      | 2745 ||| FLEEEEING.
  2746 | D:4      | 2746 ||| FLEEEEING.
  2747 | D:4      | 2747 ||| FLEEEEING.
  2748 | D:4      | 2748 ||| FLEEEEING.
  2749 | D:4      | 2749 ||| FLEEEEING.
  2750 | D:4      | 2750 ||| FLEEEEING.
  2751 | D:4      | 2751 ||| FLEEEEING.
  2754 | D:4      | 2754 ||| FLEEEEING.
  2755 | D:4      | 2755 ||| FLEEEEING.
  2756 | D:4      | 2756 ||| STAIRDANCE
  2807 | D:3      | 2807 ||| UPGRADING to +0 tower shield.
  2817 | D:3      | 2817 ||| DROPPING +0 buckler.
  2818 | D:3      | 2818 ||| DRINKING 2 silvery potions.
  2879 | D:4      | 2879 ||| STAIRDANCE
  2995 | D:4      | 2995 ||| Stepping ~*~*~tactically~*~*~ (hiding).
  2997 | D:4      | 2997 ||| Stepping ~*~*~tactically~*~*~ (hiding).
  2998 | D:4      | 2998 ||| Stepping ~*~*~tactically~*~*~ (hiding).
  3212 | D:4      | Found a staircase to the Ecumenical Temple.
  3213 | D:4      | 3213 ||| PLANNING TEMPLE
  3213 | D:4      | 3213 ||| UPGRADING to +0 chain mail.
  3223 | D:4      | 3223 ||| DROPPING +0 scale mail.
  3228 | Temple   | Entered the Ecumenical Temple
  3300 | Temple   | 3300 ||| PLANNING D:1-11
  3410 | D:4      | 3410 ||| UPGRADING to +0 cloak.
  3437 | D:5      | Entered Level 5 of the Dungeon
  3439 | D:5      | 3439 ||| Stepping ~*~*~tactically~*~*~ (stealth).
  3445 | D:5      | Reached skill level 4 in Shields
  3460 | D:5      | Reached XP level 7. HP: 44/44 MP: 7/7
  3508 | D:5      | Reached skill level 5 in Shields
  3633 | D:5      | 3633 ||| Stepping ~*~*~tactically~*~*~ (stealth).
  3634 | D:5      | 3634 ||| Stepping ~*~*~tactically~*~*~ (hiding).
  3635 | D:5      | 3635 ||| Stepping ~*~*~tactically~*~*~ (hiding).
  3641 | D:5      | 3641 ||| Stepping ~*~*~tactically~*~*~ (stealth).
  3650 | D:5      | 3650 ||| Stepping ~*~*~tactically~*~*~ (hiding).
  3655 | D:5      | 3655 ||| DRINKING potion of curing.
  3655 | D:5      | 3655 ||| (to cure confusion)
  3663 | D:5      | Reached skill level 6 in Shields
  3812 | D:5      | Noticed Edmund
  3822 | D:5      | Killed Edmund
  3896 | D:5      | Reached skill level 7 in Shields
  3945 | D:5      | Identified the +7 mace of Gozag's Vengeance {heavy, Int+6}
  4132 | D:5      | Reached XP level 8. HP: 48/48 MP: 8/8
  4206 | D:5      | 4206 ||| DRINKING 3 ruby potions.
  4207 | D:5      | 4207 ||| DRINKING 3 glowing orange potions.
  4207 | D:5      | Gained mutation: You have large cloven feet. [potion of
                  | mutation]
  4207 | D:5      | Gained mutation: You are partially covered in iridescent
                  | scales. (AC +2) [potion of mutation]
  4208 | D:5      | 4208 ||| DRINKING 2 coppery potions.
  4209 | D:5      | 4209 ||| READING 5 scrolls of identify.
  4209 | D:5      | 4209 ||| IDENTIFYING cyan potion
  4210 | D:5      | 4210 ||| READING 4 scrolls of identify.
  4210 | D:5      | 4210 ||| IDENTIFYING fizzy coppery potion
  4211 | D:5      | 4211 ||| DROPPING potion of degeneration.
  4212 | D:5      | 4212 ||| DROPPING potion of berserk rage.
  4227 | D:6      | 4227 ||| PLANNING SEWER
  4340 | D:6      | 4340 ||| Stepping ~*~*~tactically~*~*~ (stealth).
  4418 | D:6      | Found a glowing drain.
  4419 | D:6      | 4419 ||| DROPPING +2 hat.
  4420 | D:6      | 4420 ||| UPGRADING to amulet of faith.
  4425 | D:6      | 4425 ||| READING scroll labelled RYICLI FEILOD.
  4426 | D:6      | 4426 ||| READING scroll labelled ENUGEF POCAJAV.
  4431 | Sewer    | Entered a sewer
  4449 | Sewer    | 4449 ||| Stepping ~*~*~tactically~*~*~ (water).
  4514 | Sewer    | 4514 ||| Stepping ~*~*~tactically~*~*~ (water).
  4517 | Sewer    | Reached skill level 8 in Shields
  4694 | Sewer    | 4694 ||| READING scroll labelled XOMAORRIAM.
  4695 | Sewer    | 4695 ||| READING 2 scrolls labelled GAXKOF HEPPAAD.
  4699 | Sewer    | 4699 ||| READING scroll labelled TAIL RUSTRYCWIS.
  4700 | Sewer    | 4700 ||| READING scroll labelled FUACLEN PAEMAR.
  4801 | Sewer    | 4801 ||| READING 4 scrolls of identify.
  4801 | Sewer    | 4801 ||| IDENTIFYING bubbling silvery potion
  4802 | Sewer    | 4802 ||| READING 3 scrolls of identify.
  4802 | Sewer    | 4802 ||| IDENTIFYING amethyst potion
  4811 | D:6      | 4811 ||| PLANNING D:1-11
  4842 | D:6      | 4842 ||| Stepping ~*~*~tactically~*~*~ (hiding).
  4843 | D:6      | 4843 ||| Stepping ~*~*~tactically~*~*~ (hiding).
  4914 | D:6      | 4914 ||| Stepping ~*~*~tactically~*~*~ (hiding).
  4915 | D:6      | 4915 ||| Stepping ~*~*~tactically~*~*~ (hiding).
  4916 | D:6      | 4916 ||| Stepping ~*~*~tactically~*~*~ (hiding).
  4960 | D:6      | 4960 ||| FLEEEEING.
  4961 | D:6      | 4961 ||| FLEEEEING.
  4962 | D:6      | 4962 ||| FLEEEEING.
  5070 | D:6      | 5070 ||| Stepping ~*~*~tactically~*~*~ (hiding).
  5071 | D:6      | 5071 ||| Stepping ~*~*~tactically~*~*~ (hiding).
  5072 | D:6      | 5072 ||| Stepping ~*~*~tactically~*~*~ (hiding).
  5073 | D:6      | 5073 ||| Stepping ~*~*~tactically~*~*~ (hiding).
  5074 | D:6      | 5074 ||| Stepping ~*~*~tactically~*~*~ (hiding).
  5082 | D:6      | Reached skill level 9 in Shields
  5140 | D:6      | 5140 ||| FLEEEEING.
  5141 | D:6      | 5141 ||| FLEEEEING.
  5142 | D:6      | 5142 ||| FLEEEEING.
  5197 | D:6      | 5197 ||| READING scroll labelled WIESUAF SOAN.
  5198 | D:6      | 5198 ||| READING 3 scrolls of identify.
  5198 | D:6      | 5198 ||| IDENTIFYING sedimented brown potion
  5199 | D:6      | 5199 ||| DROPPING potion of flight.
  5235 | D:7      | 5235 ||| Stepping ~*~*~tactically~*~*~ (hiding).
  5251 | D:7      | 5251 ||| Stepping ~*~*~tactically~*~*~ (hiding).
  5258 | D:7      | 5258 ||| DRINKING 4 potions of curing.
  5258 | D:7      | 5258 ||| (to cure confusion)
  5268 | D:7      | Reached skill level 6 in Axes
  5286 | D:7      | 5286 ||| Stepping ~*~*~tactically~*~*~ (stealth).
  5350 | D:7      | Noticed Prince Ribbit
  5364 | D:7      | Killed Prince Ribbit
  5365 | D:7      | Reached skill level 10 in Shields
  5365 | D:7      | Reached XP level 9. HP: 52/52 MP: 9/9
  5406 | D:7      | 5406 ||| READING scroll of enchant armour.
  5406 | D:7      | 5406 ||| ENCHANTING +0 helmet.
  5452 | D:7      | Found the crystal ball of Wucad Mu {*channel}
  5570 | D:7      | 5570 ||| Stepping ~*~*~tactically~*~*~ (hiding).
  5824 | D:7      | 5824 ||| UPGRADING to +0 plate armour.
  5844 | D:7      | 5844 ||| DROPPING +0 chain mail.
  5860 | D:7      | Found an iron altar of Okawaru.
  5861 | D:7      | 5861 ||| PLANNING OKAWARU WORSHIP
  5865 | D:7      | Became a worshipper of Warmaster Okawaru
  5865 | D:7      | 5865 ||| PLANNING D:1-11
  5893 | D:7      | Found a blossoming altar of Fedhas.
  5928 | D:8      | Found an opulent altar of Gozag.
  5932 | D:8      | 5932 ||| STAIRDANCE
  6074 | D:8      | 6074 ||| STAIRDANCE
  6080 | D:7      | Reached skill level 1 in Throwing
  6129 | D:8      | Reached * piety under Okawaru
  6294 | D:8      | Noticed a two-headed ogre
  6295 | D:8      | 6295 ||| INVOKING Heroism.
  6305 | D:8      | Killed a two-headed ogre
  6305 | D:8      | Reached ** piety under Okawaru
  6306 | D:8      | Reached skill level 11 in Shields
  6307 | D:8      | 6307 ||| INVOKING Heroism.
  6311 | D:8      | HP: 9/54 [ice beast (10)]
  6312 | D:8      | 6312 ||| READING 2 scrolls of teleportation.
  6313 | D:8      | 6313 ||| DRINKING 4 potions of heal wounds.
  6315 | D:8      | Reached skill level 1 in Invocations
  6315 | D:8      | Reached XP level 10. HP: 41/59 MP: 7/11
  6442 | D:8      | Noticed an ice statue
  6443 | D:8      | 6443 ||| INVOKING Heroism.
  6458 | D:8      | 6458 ||| INVOKING Heroism.
  6459 | D:8      | 6459 ||| INVOKING Heroism.
  6460 | D:8      | 6460 ||| INVOKING Heroism.
  6466 | D:8      | HP: 13/59 [ice statue] (16)]
  6467 | D:8      | 6467 ||| READING scroll of teleportation.
  6468 | D:8      | 6468 ||| DRINKING 3 potions of heal wounds.
  6469 | D:8      | Killed from afar by an ice statue

Levels and vault maps discovered:
D:1:      lightli_molten_gateway, layout_rooms,
          amcnicky_mini_rare_corridor_liquid
D:2:      layout_loops_ring, hellmonk_ecumenical_altar_zigzags,
          minmay_surrounded
D:3:      layout_basic, tgw_kikubaaqudgha, chequers_serial_rivers_marsh,
          amethyst_killhole, uniq_crazy_yiuf_cottage
D:4:      layout_basic, jmf_multi_god_temple, minmay_temple_entry_butterflies
D:5:      layout_gridville, grunt_decor_cap, abandoned_shop,
          serial_park_tiny_pond, uniq_edmund
D:6:      layout_basic, portal_sewer_entry_e, minmay_fountain_box,
          abandoned_shop
D:7:      layout_cave_pools, mainiacjoe_overflow_two_lobes, uniq_prince_ribbit1
D:8:      minmay_separated_statues, layout_basic,
          mainiacjoe_overflow_tiny_flanked, serial_bayou_pond_a
Temple:   nicolae_temple_great_sept

Skill      XL: |  1  2  3  4  5  6  7  8  9 10 |
---------------+-------------------------------+-----
Axes           | 2 3 5 6 7 |  7.1
Fighting       | 4 5 |  5.0
Dodging        | 1 |  1.0
Shields        | 4 7 10 11 | 11.7
Armour         | 4 |  4.1
Throwing       | 1 |  1.3
Invocations    | 1 2 |  2.0

Action                     |  1- 3 |  4- 6 |  7- 9 | 10-12 || total
---------------------------+-------+-------+-------+-------++-------
  Melee: War axe           |    85 |   109 |   279 |    21 ||   494
         Kick              |       |       |    40 |    12 ||    52
  Throw: Boomerang         |       |    25 |    59 |       ||    84
 Invoke: Heroism           |       |       |     2 |     2 ||     4
    Use: Scroll            |     4 |     4 |    14 |     1 ||    23
         Potion            |     1 |     2 |     6 |     1 ||    10
 Armour: Scale mail        |    39 |    39 |       |       ||    78
         Chain mail        |       |     7 |   129 |       ||   136
         Plate armour      |       |       |    74 |    11 ||    85
  Dodge: Dodged            |    41 |    33 |    63 |     3 ||   140
  Block: Buckler           |    12 |    10 |       |       ||    22
         Tower shield      |       |     8 |   258 |    19 ||   285

Table legend:
 A = Non-vault XP
 B = Vault XP
 C = Vault XP percentage of total XP
 D = Non-vault monster count
 E = Vault monster count
 F = Vault count percentage of total count
                 A         B        C        D         E       F
            +---------+---------+-------+---------+---------+-------
      Total |    4238 |     555 |  11.6 |     142 |      27 |  16.0
            +---------+---------+-------+---------+---------+-------
        D:1 |      31 |       0 |   0.0 |      20 |       0 |   0.0
        D:2 |      79 |      18 |  18.6 |      23 |       4 |  14.8
        D:3 |      26 |       0 |   0.0 |      10 |       0 |   0.0
        D:4 |     366 |       7 |   1.9 |      17 |       2 |  10.5
        D:5 |     617 |     149 |  19.5 |      24 |       1 |   4.0
        D:6 |     498 |       0 |   0.0 |      14 |       0 |   0.0
        D:7 |    1200 |     277 |  18.8 |      20 |       1 |   4.8
        D:8 |    1421 |       0 |   0.0 |      14 |       0 |   0.0
      Sewer |       0 |     104 | 100.0 |       0 |      19 | 100.0
            +---------+---------+-------+---------+---------+-------
